 Dungeon Crawl Stone Soup version 0.27.1-16-g815e20cd7a (webtiles) character file.

Game seed: 15520652029017161034

1166 itsemess the Skirmisher (level 8, 0/71 HPs)
             Began as a Minotaur Berserker on Nov 19, 2021.
             Was a Believer of Trog.
             Killed from afar by Maggie (12 damage)
             ... with a bolt of fire
             ... on level 6 of the Dungeon on Nov 22, 2021.
             The game lasted 00:27:30 (5145 turns).

itsemess the Skirmisher (Minotaur Berserker)        Turns: 5145, Time: 00:27:31

Health: 0/71       AC: 11    Str: 23    XL:     8   Next: 17%
Magic:  7/7        EV:  9    Int:  4    God:    Trog [**....]
Gold:   180        SH:  0    Dex: 11    Spells: 7/7 levels left

rFire    . . .     SeeInvis +   m - +0 war axe
rCold    . . .     Faith    .   (no shield)
rNeg     . . .     Spirit   .   s - +1 chain mail
rPois    .         Reflect  .   (helmet restricted)
rElec    .         Harm     .   (no cloak)
rCorr    .         Rampage  .   (no gloves)
Will     ++...                  (no boots)
Stlth    ..........             i - amulet of magic regeneration
HPRegen  1.21/turn              g - ring of see invisible
MPRegen  0.35/turn              (no ring)

@: strong-willed, on berserk cooldown, regenerating, slowed, very slow
A: horns 2, retaliatory headbutt
a: Renounce Religion, Berserk, Trog's Hand


You were on level 6 of the Dungeon.
You worshipped Trog.
Trog was pleased with you.
You visited 1 branch of the dungeon, and saw 6 of its levels.

You collected 306 gold pieces.
You spent 126 gold pieces at shops.

Inventory:

Hand Weapons
 m - a +0 war axe (weapon)
Missiles
 f - 198 stones (quivered)
 h - 3 atropa-tipped darts
 w - 8 boomerangs
Armour
 s - a +1 chain mail (worn)
Jewellery
 g - a ring of see invisible (left hand)
 i - an amulet of magic regeneration (around neck)
Wands
 a - a wand of acid (13)
 n - a wand of polymorph (4)
 v - a wand of iceblast (5)
 A - a wand of flame (17)
Scrolls
 d - a scroll of amnesia
 j - a scroll of vulnerability {unknown}
 p - a scroll of enchant weapon {unknown}
 q - a scroll of summoning {unknown}
 r - a scroll of fear {unknown}
 t - a scroll of silence {unknown}
 u - a scroll of teleportation
 x - a scroll of acquirement {unknown}
 y - 2 scrolls of blinking {unknown}
Potions
 b - a potion of heal wounds {unknown}
 c - 2 potions of lignification
 e - 2 potions of degeneration {unknown}
 k - a potion of curing
 l - a potion of berserk rage {unknown}
 o - a potion of brilliance {unknown}
 z - a potion of attraction {unknown}


   Skills:
 * Level 6.7 Fighting
 + Level 5.2(6.2) Axes
 - Level 4.9(6.0) Maces & Flails
 * Level 6.5 Armour
 * Level 4.9 Dodging
 - Level 0.1 Stealth
 + Level 0.1 Evocations


You had 7 spell levels left.
You didn't know any spells.
Your spell library contained the following spells:

 Spells                   Type           Power      Damage    Failure   Level
 Foxfire                  Conj/Fire      0%         2x1d4     98%         1
 Freeze                   Ice            0%         1d3       98%         1
 Blink                    Tloc           N/A        N/A       99%         2
 Conjure Flame            Conj/Fire      0%         6-21      100%        3
 Frozen Ramparts          Ice            0%         1d2       100%        3
 Inner Flame              Hex/Fire       0%         N/A       100%        3
 Lesser Beckoning         Tloc           0%         N/A       100%        3
 Summon Guardian Golem    Hex/Summ       0%         N/A       100%        3
 Hailstorm                Conj/Ice       0%         3d3       100%        4
 Manifold Assault         Tloc           0%         N/A       100%        5
 Orb of Destruction       Conj           0%         N/A       100%        7
 Spellforged Servitor     Conj/Summ      0%         N/A       100%        7


Dungeon Overview and Level Annotations

Branches:
Dungeon (6/15)             Temple (0/1) D:5

Altars:
Ashenzari
Kikubaaqudgha
Nemelex Xobeh
Ru
Zin

Shops:
D:5 *

Annotations:
D:6 Maggie


Innate Abilities, Weirdness & Mutations

You have a pair of horns on your head.
You reflexively headbutt those who attack you in melee.


Message History

You closely miss Maggie. Your headbutt misses Maggie.
Maggie is heavily wounded.
Maggie hits you with a +0 broad axe! Maggie closely misses you.
Your skin crawls.
You feel strong-willed.
Maggie points at you and mumbles some strange words.
The bolt of fire hits you!!
* * * LOW HITPOINT WARNING * * *
Maggie barely misses you.
Aiming: Polymorph
Press: ? - help, Shift-Dir - straight line, f - Maggie
Aim: Maggie, wielding a +0 broad axe and wearing +0 steam dragon scales (heavily wounded, mesmerising, will become a jelly, a sky beast, or a howler monkey, chance to affect: 46%) Maggie resists with some effort.
Maggie hits you with a +0 broad axe.
* * * LOW HITPOINT WARNING * * *
Aiming: Polymorph
Press: ? - help, Shift-Dir - straight line, f/p - Maggie
Aim: Maggie, wielding a +0 broad axe and wearing +0 steam dragon scales (heavily wounded, mesmerising, will become a jelly, a sky beast, or a howler monkey, chance to affect: 46%) Maggie resists with some effort.
Maggie gestures at you while chanting. The bolt of fire hits you!
* * * LOW HITPOINT WARNING * * *
Maggie barely misses you.
You cannot move away from Maggie!
You cannot move away from Maggie!
You cannot move away from Maggie!
You cannot move away from Maggie!
You cannot move away from Maggie!
You cannot move away from Maggie!
You cannot move away from Maggie!
You cannot move away from Maggie!
You cannot move away from Maggie!
You hit Maggie.
Maggie is heavily wounded.
Maggie completely misses you. You furiously retaliate!
You headbutt Maggie! You hit Maggie but do no damage. You headbutt Maggie.
Maggie is severely wounded.
You break out of your daze.
Maggie points at you and mumbles some strange words.
The bolt of fire hits you!
You die...

#.###.....#####.#####
# ...................
###....###.#.#####
#....# #.#.# #....#
#.#.# . #....# #.#.###
... #....# #.....#
#..#+####.####.....#
#...@@.)....##.....#
.........)....##.....#
###............#.....#
#..................#
##############.....#
##.##.## #.....#
##.##.# ##.##.####


You could see Maggie.

Vanquished Creatures
  Grinder (D:6)
  A sky beast (D:5)
  A necrophage (D:6)
  A scorpion (D:5)
  A water moccasin skeleton (D:6)
  A bullfrog zombie (D:5)
  A jelly (D:4)
  2 hounds
  4 orc priests
  Ijyb (D:3)
  3 iguanas
  An orc wizard (D:6)
  A hound skeleton (D:4)
  A howler monkey zombie (D:5)
  10 adders
  A gnoll (D:1)
  An ufetubus (D:5)
  4 worms
  A dart slug (D:4)
  17 orcs
  7 ball pythons
  6 bats
  4 endoplasms
  5 giant cockroaches
  7 hobgoblins
  7 kobolds
  5 quokkas
  6 frilled lizards
  6 goblins
  7 rats
114 creatures vanquished.

Vanquished Creatures (others)
  A swamp drake (D:4)
  3 plants (D:5)
4 creatures vanquished.

Grand Total: 118 creatures vanquished

Notes
Turn   | Place    | Note
-------+----------+-------------------------------------------
     0 | D:1      | itsemess the Minotaur Berserker began the quest for the
                  | Orb.
     0 | D:1      | Reached XP level 1. HP: 19/19 MP: 0/0
    49 | D:1      | Reached XP level 2. HP: 17/27 MP: 1/1
   361 | D:1      | Found a faded altar of an unknown god.
   384 | D:1      | Reached XP level 3. HP: 25/33 MP: 2/2
   893 | D:2      | Reached ** piety under Trog
   895 | D:2      | Reached XP level 4. HP: 41/41 MP: 3/3
  1954 | D:3      | Found a sparkling altar of Nemelex Xobeh.
  1986 | D:3      | Reached skill level 5 in Fighting
  2058 | D:3      | Found a sacrificial altar of Ru.
  2268 | D:3      | Found a glowing silver altar of Zin.
  2476 | D:3      | Reached XP level 5. HP: 48/48 MP: 4/4
  2513 | D:3      | Reached skill level 1 in Axes
  2546 | D:3      | Noticed Ijyb
  2552 | D:3      | Killed Ijyb
  3246 | D:4      | Found a broken altar of Ashenzari.
  3277 | D:4      | Reached XP level 6. HP: 54/56 MP: 5/5
  3510 | D:4      | Noticed Pikel
  3530 | D:4      | Noticed Pikel
  3530 | D:4      | Pikel changed into Pikel the swamp drake
  3532 | D:4      | HP: 1/56 [hound skeleton (2)]
  3545 | D:4      | Killed Pikel the swamp drake
  3818 | D:5      | Entered Level 5 of the Dungeon
  3907 | D:5      | Found Ynereij's Elemental Accessories.
  3929 | D:5      | Bought a wand of iceblast (5) for 126 gold pieces
  3948 | D:5      | HP: 2/56 [poisoned by a scorpion]
  4205 | D:5      | Found a staircase to the Ecumenical Temple.
  4212 | D:5      | Noticed a sky beast
  4224 | D:5      | Killed a sky beast
  4225 | D:5      | Reached skill level 5 in Axes
  4225 | D:5      | Reached XP level 7. HP: 56/61 MP: 6/6
  4267 | D:5      | Found an ancient bone altar of Kikubaaqudgha.
  4436 | D:5      | Upgraded the game from 0.27.1-15-g792fb953b9 to
                  | 0.27.1-16-g815e20cd7a
  4848 | D:6      | Noticed Grinder
  4849 | D:6      | Paralysed by Grinder for 3 turns
  4863 | D:6      | Reached skill level 5 in Armour
  4888 | D:6      | Paralysed by Grinder for 2 turns
  4892 | D:6      | Killed Grinder
  4893 | D:6      | Reached XP level 8. HP: 40/71 MP: 7/7
  5125 | D:6      | Noticed Maggie
  5145 | D:6      | Killed from afar by Maggie

Illustrated notes

Levels and vault maps discovered:
D:1:      minmay_arrival_five_plusses, layout_rooms,
          ebering_ecumenical_altar_hall
D:2:      minmay_chambers_of_twos, layout_loops_cross, minmay_fractal_squares_5
D:3:      layout_loops_ring, mainiacjoe_overflow_small_starburst,
          lemuel_doored_altar, zin_treasury, wad_rectangle_vault, uniq_ijyb
D:4:      layout_basic, evilmike_ruin_ashenzari, uniq_pikel
D:5:      layout_cave_pools, kiku_gazebo_pond_becter,
          minmay_temple_entry_gardened_gates, nicolae_elemental_shop,
          minmay_misc_feat_cross, hangedman_decor_riveting
D:6:      layout_basic, lemuel_tele_altar, mainiacjoe_overflow_surrounded_room,
          kennysheep_generic_room_16, uniq_maggie, uniq_crazy_yiuf_cottage,
          uniq_grinder

Skill      XL: |  1  2  3  4  5  6  7 |
---------------+----------------------+-----
Maces & Flails | 4 |  4.9
Fighting       | 4 5 6 |  6.7
Armour         | 3 4 6 |  6.5
Dodging        | 3 4 |  4.9
Axes           | 3 5 |  5.2
Stealth        | |  0.1
Evocations     | |  0.1

Action                   |  1- 3 |  4- 6 |  7- 9 || total
-------------------------+-------+-------+-------++-------
Melee: Mace              |    53 |    25 |       ||    78
       Headbutt          |     5 |    24 |    10 ||    39
       War axe           |       |   113 |    61 ||   174
Invok: Berserk           |     2 |     9 |     3 ||    14
       Trog's Hand       |       |     6 |     2 ||     8
Evoke: Wand              |       |     1 |     2 ||     3
  Use: Scroll            |       |     6 |     1 ||     7
       Potion            |       |     2 |       ||     2
Armor: Animal skin       |     8 |    13 |       ||    21
       Scale mail        |       |    18 |       ||    18
       Chain mail        |       |    32 |    28 ||    60
Dodge: Dodged            |    39 |    72 |    31 ||   142
